 Dungeon Crawl Stone Soup version 0.27-a0-920-gb2bd10914a (webtiles) character file.

Game seed: 3650496559059178108

161 jestyr24 the Conjurer (level 5, -3/28 HPs)
             Began as a Deep Elf Conjurer on Apr 9, 2021.
             Killed from afar by Natasha (6 damage)
             ... with a magic dart
             ... on level 2 of the Dungeon.
             The game lasted 00:04:59 (2188 turns).

jestyr24 the Conjurer (Deep Elf Conjurer)           Turns: 2188, Time: 00:05:00

Health: -3/28      AC:  2    Str:  4    XL:     5   Next: 18%
Magic:  7/13       EV: 12    Int: 24    God:
Gold:   95         SH:  0    Dex: 13    Spells: 10/13 levels left

rFire    . . .     SeeInvis .   d - +0 short sword
rCold    . . .     Faith    .   (no shield)
rNeg     . . .     Spirit   .   a - +0 robe
rPois    .         Reflect  .   (no helmet)
rElec    .         Harm     .   (no cloak)
rCorr    .         Rampage  .   (no gloves)
Will     .....                  (no boots)
Stlth    ++........             (no amulet)
HPRegen  0.09/turn              (no ring)
MPRegen  0.13/turn              (no ring)

@: no status effects
A: no striking features
a: no special abilities


You were on level 2 of the Dungeon.
You visited 1 branch of the dungeon, and saw 2 of its levels.

You collected 95 gold pieces.

Inventory:

Hand Weapons
 d - a +0 short sword (weapon)
Armour
 a - a +0 robe (worn)
 b - a +0 tower shield
Scrolls
 c - a scroll of teleportation {unknown}
 g - a scroll of immolation {unknown}
Potions
 e - a potion of brilliance {unknown}
 f - 2 potions of magic {unknown}
 h - a potion of flight {unknown}


   Skills:
 + Level 2.6 Dodging
 + Level 3.3 Stealth
 + Level 4.5 Spellcasting
 + Level 6.1 Conjurations


You had 10 spell levels left.
You knew the following spells:

 Your Spells              Type           Power      Damage    Failure   Level
a - Magic Dart            Conj           100%       1d8       1%          1
b - Searing Ray           Conj           68%        3d5       1%          2

Your spell library contained the following spells:

 Spells                   Type           Power      Damage    Failure   Level
 Dazzling Flash           Conj/Hex       40%        N/A       8%          3
 Fulminant Prism          Conj/Hex       10%        3d9       26%         4
 Iskenderun's Mystic Bla  Conj/Tloc      20%        2d6       26%         4


Dungeon Overview and Level Annotations

Branches:
Dungeon (2/15)

Altars:

Shops:
D:1 (

Annotations:
D:2 Natasha


Message History

Casting: Searing Ray (safe; 1% risk of failure)
Confirm with . or Enter, or press ? or * to list all spells.
Aiming: Searing Ray (safe; 1% risk of failure)
Press: ? - help, Shift-Dir - straight line, f - gnoll shaman
Aim: a gnoll shaman, wielding a +0 whip and wearing a +0 leather armour (moderately wounded, 17% to evade)
The searing ray hits the gnoll shaman.
The gnoll shaman is heavily wounded.
The searing ray hits the gnoll!
The gnoll is heavily wounded. (Press . to maintain the ray.)
The gnoll shaman misses you.
The searing ray hits the gnoll shaman.
The gnoll shaman is severely wounded.
The searing ray hits the gnoll!
You kill the gnoll!
The gnoll shaman calls down the wrath of its god upon you.
You are outlined in light.
Your Conjurations skill increases to level 6!
The searing ray hits the gnoll shaman!
You kill the gnoll shaman!
You have reached level 5!
You start resting.
You are no longer glowing.
You start resting.
Natasha, Servant of Life and Death comes into view.
She is carrying a wand of flame (18).
Natasha zaps a wand.
The puff of flame hits you!
* * * LOW HITPOINT WARNING * * *
Casting: Searing Ray (safe; 1% risk of failure)
Confirm with . or Enter, or press ? or * to list all spells.
Aiming: Searing Ray (safe; 1% risk of failure)
Press: ? - help, Shift-Dir - straight line, f - Natasha
Aim: Natasha, carrying a wand of flame (17) (24% to evade)
The searing ray hits Natasha!
Natasha is heavily wounded. (Press . to maintain the ray.)
The searing ray hits Natasha!
Natasha is almost dead.
Natasha casts a spell at you. The magic dart hits you.
You die...

#..................#
##.##.....####.####.#
......)...# #.# #.#
...##.....####.####.#
#####............##.#
........######<#h##.#
.####..........#.##.#
.# ###.########.##.#
.### #.# #@##.# ...#
#.# ##....# ...# #.#
##.#.### ...#
#.######.###)## #..#
#.......## ##)# #..#
########.###.## #..#
#..#.g# #..# #.#.#.#
...# #.#.#g#


You could see Natasha.

Vanquished Creatures
  A gnoll shaman (D:2)
  Natasha (twice) (D:2)
  4 gnolls (D:2)
  3 bats (D:1)
  2 endoplasms
  2 giant cockroaches (D:1)
  A goblin (D:1)
  3 hobgoblins
  16 jackals (D:1)
  A quokka (D:1)
  2 kobolds (D:2)
  3 rats
40 creatures vanquished.

Notes
Turn   | Place    | Note
-------+----------+-------------------------------------------
     0 | D:1      | jestyr24 the Deep Elf Conjurer began the quest for the Orb.
     0 | D:1      | Reached XP level 1. HP: 10/10 MP: 6/6
    92 | D:1      | Found Ufas's Antique Weapon Shop.
   453 | D:1      | Reached XP level 2. HP: 15/15 MP: 6/8
   462 | D:1      | Learned a level 2 spell: Searing Ray
   661 | D:1      | Reached skill level 5 in Conjurations
  1032 | D:1      | Reached XP level 3. HP: 19/19 MP: 6/9
  1705 | D:2      | Noticed Natasha
  1712 | D:2      | Killed Natasha
  1942 | D:2      | Noticed Natasha
  1955 | D:2      | Killed Natasha
  1956 | D:2      | Reached XP level 4. HP: 24/24 MP: 7/12
  2118 | D:2      | Reached skill level 6 in Conjurations
  2119 | D:2      | Reached XP level 5. HP: 5/28 MP: 1/13
  2184 | D:2      | Noticed Natasha
  2188 | D:2      | Killed from afar by Natasha

Illustrated notes

Levels and vault maps discovered:
D:1:      dpeg_arrival_line_fractal, layout_basic, serial_shops, shop
D:2:      layout_loops_ring, ebering_ecumenical_altar_webs, uniq_natasha

Skill      XL: |  1  2  3  4 |
---------------+-------------+-----
Conjurations   | 5 6 |  6.1
Stealth        | 3 |  3.3
Spellcasting   | 4 |  4.5
Dodging        | |  2.6

Action                   |  1- 3 |  4- 6 || total
-------------------------+-------+-------++-------
Melee: Unarmed           |     3 |       ||     3
       Short sword       |       |     3 ||     3
 Cast: Magic Dart        |    64 |     7 ||    71
       Searing Ray       |     2 |     5 ||     7
Armor: Robe              |     3 |       ||     3
Dodge: Dodged            |    11 |     1 ||    12

Table legend: (Time is in decaauts)
 A = Elapsed time spent in this place.
 B = Non-inter-level travel time spent in this place.
 C = Inter-level travel time spent in this place.
 D = Time resting spent in this place.
 E = Time spent auto-exploring this place.
 F = Levels seen in this place.
 G = Mean time per level.
                   A        B        C        D        E       F      G
               +--------+--------+--------+--------+--------+-----+--------+
         Total |   2187 |   2119 |     68 |    557 |   1370 |   2 | 1093.5 |
       Dungeon |   2187 |   2119 |     68 |    557 |   1370 |   2 | 1093.5 |
               +--------+--------+--------+--------+--------+-----+--------+

Top non-repeatable levels by time:
     D:1: 1543 daAuts
     D:2: 644 daAuts
